 Dungeon Crawl Stone Soup version 0.32-a0-42-ga30500b4d3 (webtiles) character file.

Game seed: 7298899739705176251

89 ezpacito the Trooper (level 4, 0/35 HPs)
             Began as a Demonspawn Berserker on Jan 29, 2024.
             Was a Believer of Trog.
             Slain by Robin
             ... wielding a +0 mace
              (6 damage)
             ... on level 2 of the Dungeon.
             The game lasted 00:02:48 (1122 turns).

ezpacito the Trooper (Demonspawn Berserker)         Turns: 1122, Time: 00:02:48

Health: 0/35       AC:  8    Str: 17    XL:     4   Next: 31%
Magic:  4/4        EV: 11    Int:  7    God:    Trog [**....]
Gold:   88         SH:  0    Dex: 15    Spells: 3/3 levels left

rFire   . . .        a - +0 hand axe
rCold   . . .        (no shield)
rNeg    . . .        b - +0 chain mail
rPois   .            (no helmet)
rElec   .            (no cloak)
rCorr   .            (no gloves)
SInv    .            (no boots)
Will    .....        (no amulet) Stlth
                     (no ring)
HPRegen 0.25/turn    (no ring)
MPRegen 0.09/turn

%: no passive effects
@: on berserk cooldown, slowed, very slow
A: repulsion field 2, foul stench 1
a: Renounce Religion, Berserk, Trog's Hand


You were on level 2 of the Dungeon.
You worshipped Trog.
Trog was pleased with you.
You visited 1 branch of the dungeon, and saw 2 of its levels.

You collected 88 gold pieces.

Inventory:

Hand Weapons
 a - a +0 hand axe (weapon)
Armour
 b - a +0 chain mail (worn)
Scrolls
 d - a scroll of enchant weapon {unknown}
 e - a scroll of noise {unknown}
 f - a scroll of poison {unknown}
 g - a scroll of immolation
 h - a scroll of identify {unknown}


   Skills:
 * Level 3.5 Fighting
 * Level 3.5 Axes
 * Level 2.1 Armour
 * Level 2.2 Dodging
 * Level 0.9 Stealth
 * Level 0.6 Unarmed Combat


You had 3 spell levels left.
You didn't know any spells.
Your spell library was empty.

Dungeon Overview and Level Annotations

Branches:
Dungeon (2/15)

Altars:

Annotations:
D:2 Robin


Innate Abilities, Weirdness & Mutations

You are surrounded by a moderate repulsion field. (EV +3)
You may rarely emit foul miasma when damaged in melee.


Message History

The ribbon worm is poisoned.
The ribbon worm seems to slow down.
You kill the ribbon worm!
Trog accepts your kill. Robin hits you but does no damage.
Robin closely misses you.
You see here a hobgoblin corpse.
You hit Robin.
Robin is moderately wounded.
Robin's horned helmet rattles.
Robin hits you but does no damage.
You hit Robin.
Robin is heavily wounded.
Robin hits you with a +0 mace. Robin hits you but does no damage.
You closely miss Robin.
Robin is heavily wounded.
Robin hits you with a +0 mace. x2
You hit Robin.
Robin is severely wounded.
Robin's horned helmet rattles.
Robin hits you but does no damage.
You barely miss Robin.
Robin is severely wounded.
Robin closely misses you. Robin hits you with a +0 mace.
* * * LOW HITPOINT WARNING * * *
You hit Robin but do no damage.
Robin is severely wounded.
Robin barely misses you. Robin closely misses you.
You hit Robin but do no damage.
Robin is severely wounded.
Robin hits you but does no damage.
It was a potion of berserk rage.
You're still recovering from your berserk rage.
Robin hits you with a +0 mace.
* * * LOW HITPOINT WARNING * * *
Robin closely misses you.
Okay, then.
You hit Robin.
Robin is almost dead.
Robin hits you with a +0 mace.
You die...
Robin calls out, "Let's celebrate!
Time for a feast!"

#.# #.# #.....#..##......†... #.#
#.# #.#.........#........ #.# #.#
#.#..##..#..#.###.### ..#### #.#
#..#.....#....###.### ..##.###.#
#.'...._...#......... .[#.#.##.#
#..#.....#).......... ...###.#.#
##.....#.#............ .....##..#
#..##.g...).÷......... .....#.#.#
#...÷@#)).)#÷......... .##...##.#
#....(.##)#...........
###..###.###.....)...............
#....÷..##..#.#.##.##.......)..
##.###........#.##.###.........
#.####.#######......#####.#g.[
#.#....# #......# #..b## #.#....#
#......# ###.# #.#...## #......#
#.#


You could see Robin.

Vanquished Creatures
  3 adders (D:2)
  3 ribbon worms (D:2)
  4 orcs (D:2)
  7 bats
  5 endoplasms
  3 giant cockroaches
  4 goblins (D:2)
  5 hobgoblins
  2 quokkas
  2 ball pythons
  3 frilled lizards
  2 kobolds (D:1)
  5 rats
48 creatures vanquished.

Notes
Turn   | Place    | Note
-------+----------+-------------------------------------------
     0 | D:1      | ezpacito the Demonspawn Berserker began the quest for the
                  | Orb.
     0 | D:1      | Reached XP level 1. HP: 18/18 MP: 1/1
   225 | D:1      | Gained mutation: You are surrounded by a mild repulsion
                  | field. (EV +2) [demonic ancestry]
   225 | D:1      | Reached XP level 2. HP: 18/24 MP: 2/2
   673 | D:2      | Gained mutation: You are surrounded by a moderate repulsion
                  | field. (EV +3) [demonic ancestry]
   673 | D:2      | Reached XP level 3. HP: 28/29 MP: 3/3
   682 | D:2      | Found a faded altar of an unknown god.
   759 | D:2      | Reached ** piety under Trog
   768 | D:2      | Noticed Robin
   864 | D:2      | Gained mutation: You may rarely emit foul miasma when
                  | damaged in melee. [demonic ancestry]
   864 | D:2      | Reached XP level 4. HP: 34/35 MP: 4/4
  1122 | D:2      | Slain by Robin

Illustrated notes

Levels and vault maps discovered:
D:1:      dpeg_arrival_long_road, layout_basic
D:2:      kennysheep_the_goblin_king, layout_loops_ring,
          hellmonk_ecumenical_altar_blasted, lemuel_flame_loot_1, uniq_jessica,
          uniq_robin

Skill      XL: |  1  2  3 |
---------------+----------+-----
Axes           | 3 |  3.5
Armour         | 2 |  2.1
Dodging        | 2 |  2.2
Fighting       | |  3.5
Stealth        | |  0.9
Unarmed Combat | |  0.6

Action                     |  1- 3 |  4- 6 || total
---------------------------+-------+-------++-------
  Melee: Hand axe          |   130 |    47 ||   177
         Punch             |     1 |       ||     1
 Invoke: Berserk           |     1 |     1 ||     2
    Use: Potion            |       |     1 ||     1
   Stab: Sleeping          |     1 |       ||     1
 Armour: Animal skin       |    15 |       ||    15
         Chain mail        |    71 |    37 ||   108
         Ring mail         |     1 |       ||     1
  Dodge: Dodged            |   105 |    25 ||   130

Table legend: (Time is in decaauts)
 A = Elapsed time spent in this place.
 B = Non-inter-level travel time spent in this place.
 C = Inter-level travel time spent in this place.
 D = Time resting spent in this place.
 E = Time spent auto-exploring this place.
 F = Levels seen in this place.
 G = Mean time per level.
                   A        B        C        D        E       F      G
               +--------+--------+--------+--------+--------+-----+--------+
         Total |   1158 |   1137 |     21 |     66 |    698 |   2 |  579.0 |
       Dungeon |   1158 |   1137 |     21 |     66 |    698 |   2 |  579.0 |
               +--------+--------+--------+--------+--------+-----+--------+

Top non-repeatable levels by time:
     D:1: 596 daAuts
     D:2: 561 daAuts
